Map: Temple gelé

Players

pupu

  • Race: Protoss Protoss
  • League: Silver

ecHarley - Winner!

  • Race: Terran Terran
  • League: Silver

VOD

Have the link to the VOD?

Description

Time

  • Played on: April 6, 2016, 1:24 p.m.
  • Length: 17:11
Show
View Real Time Build Order
Export as new Build Order

pupu Protoss 

Build Orders: Oracle Opening 

Get SALT Encoding   

  12  0:00  Probe (Chrono Boost)  
  13  0:11  Probe (Chrono Boost)  
  14  0:18  Pylon  
  14  0:22  Probe (Chrono Boost)  
  15  0:36  Probe (Chrono Boost)  
  15  0:37  Gateway  
  16  0:47  Probe (Chrono Boost)  
  16  0:49  Assimilator  
  17  0:54  Assimilator  
  17  0:57  Probe (Chrono Boost)  
  18  1:08  Probe (Chrono Boost)  
  18  1:11  Pylon  
  19  1:19  Probe (Chrono Boost)  
  19  1:25  Cybernetics Core  
  20  1:29  Probe (Chrono Boost)  
  21  1:42  Probe (Chrono Boost)  
  22  1:50  Gateway  
  22  1:53  Probe (Chrono Boost)  
  23  2:02  Stargate  
  23  2:04  Warp Gate (Chrono Boost)  
  25  2:15  Mothership Core  
  25  2:18  Adept  
  27  2:36  Probe, Pylon  
  28  2:58  Oracle (Chrono Boost)  
  28  3:02  Stalker  
  28  3:04  Stalker  
  35  3:08  Probe  
  36  3:26  Nexus  
  36  3:29  Probe, Pylon  
  37  3:42  Pylon  
  37  3:47  Oracle (Chrono Boost)  
  39  4:14  Probe  
  40  4:28  Probe  
  41  4:40  Probe  
  42  4:59  Probe  
  36  5:00  Probe  
  36  5:03  Stalker x2  
  36  5:06  Oracle (Chrono Boost)  
  45  5:15  Probe  
  45  5:17  Probe  
  45  5:19  Gateway  
  47  5:21  Gateway  
  47  5:23  Pylon  
  47  5:26  Pylon  
  47  5:28  Pylon  
  47  5:39  Stalker x2  
  51  5:43  Probe  
  51  5:44  Probe  
  51  6:11  Probe  
  51  6:12  Probe  
  53  6:21  Stalker x2  
  57  6:27  Gateway  
  57  6:29  Probe  
  57  6:30  Probe  
  57  6:31  Gateway  
  59  6:34  Gateway  
  59  6:39  Probe  
  59  6:42  Probe  
  59  6:44  Stalker x2  
  65  6:47  Stalker x2  
  65  6:50  Probe  
  70  6:54  Probe  
  70  7:00  Probe  
  71  7:03  Assimilator  
  72  7:11  Forge  
  72  7:15  Gateway  
  72  7:17  Gateway  
  72  7:20  Gateway x2  
  72  7:24  Sentry x4  
  80  7:34  Void Ray (Chrono Boost)  
  84  7:49  Stalker  
  84  7:50  Stalker x3  
  92  8:08  Zealot  
  94  8:19  Pylon  
  94  8:21  Pylon  
  94  8:25  Pylon  
  94  8:29  Nexus  
  94  8:33  Pylon  
  94  8:36  Pylon  
  94  8:37  Zealot  
  94  8:39  Pylon  
  96  8:52  Zealot x4  
  74  9:26  Zealot x7  
  74  9:27  Zealot x2  
  92  9:31  Probe  
  92  9:33  Probe  
  94  9:45  Probe  
  91  9:57  Photon Cannon  
  91  9:58  Photon Cannon  
  91  9:59  Photon Cannon  
  87  10:05  Stalker x2  
  77  10:32  Stalker  
  77  10:33  Stalker x3  
  52  11:30  Zealot x2  
  52  11:31  Zealot x7  
  70  11:38  Probe x2  
  68  11:40  Probe  
  69  11:51  Probe x2  
  69  11:52  Probe  
  72  12:01  Probe  
  72  12:02  Sentry  
  72  12:04  Probe  
  76  12:24  Zealot x4  
  54  13:14  Zealot x7  
  54  13:15  Zealot x2  
  64  13:20  Phoenix (Chrono Boost)  
  66  13:32  Probe  
  66  13:33  Probe  
  68  13:42  Phoenix (Chrono Boost)  
  68  13:44  Assimilator  
  70  14:04  Phoenix (Chrono Boost)  
  70  14:08  Twilight Council  
  47  14:40  Stalker x4  
  47  14:41  Stalker x4  
  63  14:49  Blink  
  63  14:51  Probe x2  
  63  14:52  Probe  
  64  15:00  Stalker  
  64  15:04  Stalker  
  64  15:05  Sentry  
  70  15:07  Sentry  
  72  15:26  Probe  
  72  15:27  Probe, Nexus  
  74  15:28  Probe  
  75  15:38  Probe  
  76  15:48  Zealot x2  
  76  15:49  Zealot  
  82  15:50  Probe  
  83  16:05  Zealot  
  83  16:06  Zealot x3  
  91  16:27  Zealot x3, Pylon  
  91  16:31  Sentry x3  
  91  16:32  Pylon  
  103  16:36  Pylon  
  50  17:03  Zealot x7  
  50  17:04  Zealot x2  
Show
View Real Time Build Order
Export as new Build Order

ecHarley Terran - Winner!

Build Orders:  

Get SALT Encoding   

  12  0:01  SCV  
  13  0:13  SCV  
  14  0:19  Supply Depot  
  14  0:26  SCV  
  15  0:41  Barracks, SCV  
  16  0:49  Refinery  
  16  0:53  SCV  
  17  1:05  SCV  
  18  1:16  Barracks  
  18  1:17  SCV  
  19  1:29  SCV  
  19  1:31  Supply Depot  
  19  1:32  Reaper  
  21  1:39  Refinery  
  21  1:41  SCV  
  22  1:53  SCV  
  23  1:54  Barracks  
  23  2:05  Reaper, SCV  
  23  2:08  Reaper  
  26  2:17  SCV  
  27  2:30  Orbital Command  
  27  2:33  Supply Depot  
  27  2:55  Barracks Reactor  
  27  3:00  Factory  
  27  3:13  Command Center  
  27  3:18  Marine  
  27  3:19  Marine  
  29  3:25  SCV  
  30  3:33  Marine  
  30  3:34  Marine  
  32  3:35  Marine  
  33  3:53  Marine  
  33  3:54  Marine x2  
  36  4:11  Factory Tech Lab  
  36  4:13  Starport  
  36  4:19  Barracks Tech Lab  
  36  4:24  Barracks Reactor  
  36  4:26  Supply Depot  
  36  4:28  SCV  
  29  4:37  Bunker  
  23  4:40  SCV  
  24  4:52  SCV  
  24  4:53  Engineering Bay  
  24  5:04  SCV  
  25  5:16  SCV  
  25  5:17  Orbital Command  
  26  5:24  Siege Tank  
  26  5:27  Marauder  
  31  5:28  SCV  
  32  5:40  SCV  
  33  5:53  SCV  
  33  6:05  SCV  
  33  6:14  Missile Turret x2  
  33  6:18  Missile Turret  
  33  6:19  SCV x2  
  35  6:28  Starport  
  35  6:31  SCV x2  
  37  6:35  Marine x3  
  37  6:36  Starport Tech Lab, Marauder, Marine  
  37  6:37  Combat Shields  
  43  6:56  Marine x4  
  43  6:58  Marauder, Siege Tank  
  52  7:01  Cloaking Field  
  52  7:03  SCV  
  53  7:22  Banshee  
  56  7:25  Starport Reactor  
  56  7:39  Marine x2  
  56  7:40  Marauder, Marine x2  
  56  7:41  Barracks  
  62  7:50  Supply Depot  
  62  8:11  Medivac  
  64  8:18  Supply Depot  
  64  8:21  Marine x3  
  64  8:22  Marauder, Marine  
  70  8:29  Refinery  
  70  8:39  Siege Tank, SCV x2  
  75  8:41  Supply Depot  
  75  8:52  SCV x2  
  60  9:18  Marine  
  60  9:19  Marine x3  
  60  9:20  Marauder, Siege Tank  
  68  9:40  Bunker  
  68  9:44  Command Center  
  64  10:38  Stimpack  
  64  10:39  Marine x4  
  64  10:40  Marauder  
  62  10:50  Liberator  
  58  11:03  Missile Turret  
  47  11:04  Marine x2  
  47  11:05  Marauder  
  47  11:07  Viking, Siege Tank  
  56  11:24  Barracks  
  52  11:46  Missile Turret  
  52  11:49  Barracks  
  52  11:53  SCV x2  
  54  11:56  Planetary Fortress  
  54  11:58  Liberator  
  54  11:59  Liberator  
  54  12:05  SCV x2  
  54  12:07  Marine x3  
  60  12:12  Barracks Reactor  
  60  12:14  Siege Tank  
  61  12:17  Medivac  
  69  12:23  SCV  
  69  12:24  SCV  
  69  12:25  Marauder  
  73  12:36  Sensor Tower  
  73  12:38  Missile Turret  
  73  12:43  SCV x2  
  75  12:44  SCV  
  56  13:15  Marine x3  
  56  13:16  Marauder, Marine  
  56  13:19  Barracks Tech Lab  
  60  13:29  Starport  
  60  13:30  SCV x2  
  60  13:33  Starport  
  62  13:35  SCV  
  62  13:36  Refinery  
  63  13:42  SCV  
  63  13:43  Marine x2  
  63  13:44  Marine x3  
  69  13:55  Marauder  
  71  13:56  Liberator  
  71  14:09  Marine  
  71  14:10  Marine x3  
  71  14:11  Marauder  
  71  14:12  Siege Tank  
  71  14:15  Medivac  
  81  14:41  Missile Turret  
  81  14:42  SCV  
  81  14:43  Liberator, SCV x2  
  84  14:54  SCV  
  84  14:55  Marine x3  
  84  14:56  Marauder, Marine  
  84  14:58  Viking, Medivac  
  98  15:07  Missile Turret  
  98  15:08  SCV x3  
  101  15:24  Refinery  
  101  15:38  Refinery  
  101  15:43  Supply Depot  
  101  15:52  Marauder, Marine x4  
  107  16:04  Marine  
  107  16:06  Siege Tank  
  107  16:09  Marine x3  
  114  16:14  Marauder  
  114  16:17  Engineering Bay  
  116  16:22  Marauder  
Tags
 
Add a new tag
Caveats
  • Supply blocks, unpowered buildings, or Contaminate may cause inaccurate times.
  • Supply counts are checked every 10 seconds.